 Dungeon Crawl Stone Soup version 0.31.0-32-g396128a36d (webtiles) character file.

Game seed: 16024969347874429290

445 Ijustatesigmund the Grasshopper (level 7, -1/45 HPs)
             Began as an Octopode Conjurer on Mar 22, 2024.
             Slain by an orc warrior
             ... wielding a +0 mace
              (8 damage)
             ... on level 4 of the Dungeon.
             The game lasted 00:07:09 (3825 turns).

Ijustatesigmund the Grasshopper (Octopode Conjurer) Turns: 3825, Time: 00:07:09

Health: -1/45      AC:  1    Str:  6    XL:     7   Next: 3%
Magic:  2/11       EV: 13    Int: 22    God:
Gold:   191        SH:  0    Dex: 11    Spells: 5/12 levels left

rFire   . . .        b - +0 hand axe
rCold   . . .        (no shield)
rNeg    . . .        (helmet restricted)
rPois   .            (no amulet)
rElec   .            (no ring)
rCorr   .            (no ring)
SInv    .            (no ring)
Will    .....        (no ring)
Stlth   +++          (no ring)
HPRegen 0.27/turn    (no ring)
MPRegen 0.12/turn    (no ring)
                     (no ring)

%: no passive effects
@: mighty, very slightly contaminated
A: almost no armour, amphibious, 8 rings, camouflage 1, gelatinous body 1,
(nimble swimmer 1), tentacles
a: no special abilities


You were on level 4 of the Dungeon.
You visited 1 branch of the dungeon, and saw 4 of its levels.

You collected 191 gold pieces.

Inventory:

Hand Weapons
 b - a +0 hand axe (weapon)
Wands
 e - a wand of mindburst (9)
 h - a wand of flame (30)
Scrolls
 a - a scroll of teleportation {unknown}
 d - a scroll of vulnerability {unknown}
 f - a scroll of amnesia {unknown}
 j - a scroll of blinking {unknown}
 k - a scroll of identify
 l - a scroll of acquirement {unknown}
Potions
 i - a potion of resistance {unknown}
 m - a potion of attraction {unknown}
 n - a potion of degeneration {unknown}
 o - a potion of enlightenment {unknown}


   Skills:
 + Level 2.3 Fighting
 + Level 0.2 Axes
 - Level 2.0 Dodging
 - Level 2.6 Stealth
 + Level 3.1 Spellcasting
 + Level 4.8 Conjurations
 + Level 5.0 Translocations


You had 5 spell levels left.
You knew the following spells:

 Your Spells              Type           Power      Damage    Failure   Level
a - Magic Dart            Conj           96%        1d7       1%          1
b - Searing Ray           Conj           48%        2d6       2%          2
c - Iskenderun's Mystic   Conj/Tloc      25%        2d7       16%         4

Your spell library contained the following spells:

 Spells                   Type           Power      Damage    Failure   Level
 Manifold Assault         Tloc           25%        N/A       16%         4
 Fugue of the Fallen      Necr           3%         N/A       36%         3
 Ozocubu's Armour         Ice            3%         N/A       36%         3
 Fulminant Prism          Conj/Alch      7%         3d7       41%         4


Dungeon Overview and Level Annotations

Branches:
Dungeon (4/15)
 Temple: D:4-7

Altars:
Makhleb


Innate Abilities, Weirdness & Mutations

You cannot wear most types of armour.
You are amphibious.
You can wear up to eight rings at the same time.
Your skin changes colour to match your surroundings (Stealth+).
Your rubbery body absorbs attacks. (AC +1, EV +1)
((You are camouflaged when in or above water. (Stealth+)))
You have tentacles for arms and can constrict up to eight enemies at once.


Message History

You erupt in a blast of force!
The mystic blast hits the orc warrior!
The orc warrior is moderately wounded.
The mystic blast hits the orc wizard.
You kill the orc wizard!
You hear a shout! x3
You have reached level 7!
Casting: Iskenderun's Mystic Blast (quite dangerous; 16% risk of failure)
Confirm with . or Enter, or press ? or * to list all spells.
You miscast Iskenderun's Mystic Blast.
You are very lightly contaminated with residual magic.
Nothing appears to happen.
You hit the orc warrior but do no damage.
You grab the orc warrior.
You squeeze the orc warrior, but do no damage.
The orc warrior is moderately wounded.
You constrict the orc warrior, but do no damage.
The orc warrior hits you with a +0 mace!
You feel very mighty all of a sudden.
You constrict the orc warrior, but do no damage.
The orc barely misses you. The orc warrior barely misses you.
The orc misses you.
You hit the orc warrior. You squeeze the orc warrior.
The orc warrior is moderately wounded.
You hit the orc.
You constrict the orc warrior, but do no damage.
The orc hits you with a +2 hand axe of electrocution!
The orc hits you from afar with a +0 trident.
The orc warrior barely misses you.
You slash the orc warrior!
The orc warrior is heavily wounded.
You hit the orc.
You constrict the orc warrior, but do no damage.
The orc hits you with a +2 hand axe of electrocution!
The orc hits you from afar with a +0 trident.
* * * LOW HITPOINT WARNING * * *
The orc warrior closely misses you.
The orc hits you from afar with a +0 trident.
* * * LOW HITPOINT WARNING * * *
The orc warrior hits you with a +0 mace!
You die...

.....## .......
.. ....... ..
....... ..
####### #. #o #
#o #########
#o## #........
#### #### #o@##
###...#####
...#####..##
#...#####...###
# ###........##
##..........# #
########..##
##.####<...#
##..## ###
###..### ##...#
##....#####
#####....#
#..........
##.......##
#...#####..
.####...######
##..##


You could see an orc warrior and 3 orcs.

Vanquished Creatures
  Grinder (D:3)
  An orc wizard (D:4)
  An iguana (D:4)
  Robin (D:2)
  3 gnolls (D:2)
  7 adders
  2 dart slugs
  4 ribbon worms
  3 ball pythons
  8 endoplasms
  13 goblins
  9 hobgoblins
  3 jackals (D:1)
  5 quokkas
  2 bats (D:2)
  5 frilled lizards
  9 kobolds
  5 rats
82 creatures vanquished.

Notes
Turn   | Place    | Note
-------+----------+-------------------------------------------
     0 | D:1      | Ijustatesigmund the Octopode Conjurer began the quest for
                  | the Orb.
     0 | D:1      | Reached XP level 1. HP: 11/11 MP: 3/3
   218 | D:1      | Reached XP level 2. HP: 18/18 MP: 1/5
   221 | D:1      | Learned a level 2 spell: Searing Ray
   488 | D:1      | Reached skill level 1 in Fighting
   726 | D:1      | Reached XP level 3. HP: 23/23 MP: 1/6
  1145 | D:2      | Reached XP level 4. HP: 16/29 MP: 0/8
  1337 | D:2      | Found a faded altar of an unknown god.
  1419 | D:2      | Learned a level 4 spell: Iskenderun's Mystic Blast
  1665 | D:2      | Reached skill level 1 in Translocations
  1712 | D:2      | Reached XP level 5. HP: 34/34 MP: 0/9
  1818 | D:2      | Noticed Robin
  1854 | D:2      | Reached skill level 2 in Translocations
  1862 | D:2      | Killed Robin
  2630 | D:3      | Noticed Grinder
  2648 | D:3      | Killed Grinder
  2649 | D:3      | Reached skill level 4 in Translocations
  2649 | D:3      | Reached XP level 6. HP: 21/39 MP: 0/10
  3030 | D:3      | Found a burning altar of Makhleb.
  3030 | D:3      | Noticed an Executioner
  3157 | D:3      | Reached skill level 5 in Translocations
  3815 | D:4      | Noticed an orc warrior
  3821 | D:4      | Reached XP level 7. HP: 43/45 MP: 6/11
  3825 | D:4      | Slain by an orc warrior

Illustrated notes

Levels and vault maps discovered:
D:1:      lightli_arrival_boilingwater, layout_basic
D:2:      layout_basic, hellmonk_ecumenical_altar_lost_god, uniq_robin
D:3:      layout_loops_ring, makhleb_altar_promises_db, uniq_grinder
D:4:      layout_layer_cave, mainiacjoe_overflow_boulevard, serial_glass,
          glass_columns_c, glass_columns_a, kennysheep_generic_room_7

Skill      XL: |  1  2  3  4  5  6 |
---------------+-------------------+-----
Fighting       | 1 2 |  2.3
Translocations | 1 4 5 |  5.0
Spellcasting   | 3 |  3.1
Axes           | |  0.2
Dodging        | |  2.0
Stealth        | |  2.6
Conjurations   | |  4.8

Action                     |  1- 3 |  4- 6 |  7- 9 || total
---------------------------+-------+-------+-------++-------
  Melee: Unarmed           |     6 |       |       ||     6
         Tentacles         |     5 |     9 |     2 ||    16
         Constrict         |     5 |    12 |     1 ||    18
         Short sword       |    16 |    33 |       ||    49
         Hand axe          |       |     6 |     3 ||     9
   Cast: Magic Dart        |    51 |    84 |       ||   135
         Searing Ray       |     1 |     5 |       ||     6
         Iskenderun's Myst |       |     1 |       ||     1
    Use: Potion            |       |     3 |     1 ||     4
         Scroll            |       |     3 |       ||     3
 Armour: Skin              |     9 |    30 |     7 ||    46
  Dodge: Dodged            |    17 |    35 |     5 ||    57
